 Dungeon Crawl Stone Soup version bcrawl-1.17.3 (webtiles) character file.

Game seed: 9226841141790050405

42 JackS81 the Conjurer (level 3, -5/19 HPs)
             Began as a Skeleton Conjurer on Oct 31, 2019.
             Slain by a worm (9 damage)
             ... on level 2 of the Dungeon.
             The game lasted 00:06:56 (1499 turns).

JackS81 the Conjurer (Skeleton Conjurer)            Turns: 1499, Time: 00:06:56

Health: -5/19      AC:  2    Str: 14      XL:     3   Next: 33%
Magic:  0/8        EV: 12    Int: 12 (13) God:
Gold:   89         SH:  0    Dex: 10      Spells: 6/9 levels left

rFire    + . .     SeeInvis .   e - +0 whip
rCold    + . .     Gourm    .   (no shield)
rNeg     + + +     Faith    .   a - +0 robe
rPois    ∞         Spirit   +   (no helmet)
rElec    .         Reflect  .   (no cloak)
rCorr    .         Harm     .   (no gloves)
MR       .....                  (no boots)
Stlth    ++........             (no amulet)
HPRegen  0.06/turn              d - ring of protection from fire
MPRegen  0.11/turn              (no ring)

@: no status effects
A: no food or potions, cold resistance 1, deterioration 1, negative energy
resistance 3, torment resistance, unbreathing, magic shield, sturdy frame 1,
spell healing
a: no special abilities


You were on level 2 of the Dungeon.
You were not hungry.

You visited 1 branch of the dungeon, and saw 2 of its levels.

You collected 89 gold pieces.

Inventory:

Hand Weapons
 e - a +0 whip (weapon)
Armour
 a - a +0 robe (worn)
Jewellery
 d - a ring of protection from fire (left hand)
Scrolls
 b - a scroll of identify {unknown}
 c - a scroll of teleportation {unknown}
 f - a scroll of enchant weapon {unknown}
 g - a scroll of remove curse {unknown}
 h - a scroll of blinking {unknown}


   Skills:
 - Level 2.0 Dodging
 + Level 2.6 Stealth
 * Level 3.6 Spellcasting
 + Level 5.8 Conjurations


You had 6 spell levels left.
You knew the following spells:

 Your Spells              Type           Power        Failure   Level  Hunger
a - Magic Dart            Conj           ###.         1%          1    N/A
b - Searing Ray           Conj           ###...       3%          2    N/A

Your spell library contained the following spells:

 Spells                   Type           Power        Failure   Level  Hunger
 Iskenderun's Mystic Bla  Conj           ###.....     6%          3    N/A
 Fulminant Prism          Conj/Hex       #.........   56%         4    N/A
 Irradiate                Conj/Tmut      #.........   88%         5    N/A

Dungeon Overview and Level Annotations

Branches:
Dungeon (2/12)

Altars:


Innate Abilities, Weirdness & Mutations

You do not eat or drink.
You are immune to poison.
Your flesh is cold resistant. (rC+)
Your body sometimes deteriorates upon taking damage.
You are immune to negative energy. (rN+++)
You are immune to unholy pain and torment.
You can survive without breathing.
When hurt, damage is shared between your health and your magic reserves.
Your movements are slightly less encumbered by armour. (ER -2)
Casting spells heals you.


Message History

The searing ray hits the worm.
The worm is heavily wounded.
The searing ray hits the worm.
The worm is almost dead.
You barely miss the worm.
The worm is almost dead.
The worm bites you.
You barely miss the worm.
The worm is almost dead.
The worm bites you!
You hit the worm.
The worm is almost dead.
You hit the worm but do no damage.
The worm is almost dead.
The worm bites you.
* * * LOW HITPOINT WARNING * * *
You barely miss the worm.
The worm is severely wounded.
The worm bites you!
You die...

## #...#.)#
....####.####.#
######.....)####.#
.................#########
.......########...........
.......#########^.........
.....)........###.........
..............# #.........
........w@.%..# #)........
########......# #.........
#......# #.........
#......# ##########
#......# ########


You could see a worm.

Vanquished Creatures
  An ooze (D:1)
  2 dart slugs (D:1)
  3 leopard geckos (D:1)
  2 bats (D:1)
  A giant cockroach (D:1)
  8 hobgoblins
  4 jackals
  A ball python (D:1)
  A frilled lizard (D:1)
  2 kobolds (D:1)
  2 rats (D:1)
27 creatures vanquished.

Notes
Turn   | Place    | Note
-------+----------+-------------------------------------------
     0 | D:1      | JackS81 the Skeleton Conjurer began the quest for the Orb.
     0 | D:1      | Reached XP level 1. HP: 10/10 MP: 4/4
    91 | D:1      | Reached skill level 5 in Conjurations
   242 | D:1      | Reached XP level 2. HP: 15/15 MP: 1/6
   868 | D:1      | Reached XP level 3. HP: 18/19 MP: 6/8
  1397 | D:2      | Learned a level 2 spell: Searing Ray
  1449 | D:2      | Noticed a phantom
  1499 | D:2      | Slain by a worm

Skill      XL: |  1 |
---------------+----+-----
Conjurations   | 5 |  5.8
Dodging        | |  2.0
Stealth        | |  2.6
Spellcasting   | |  3.6

Action                   || total
-------------------------++-------
Melee: Whip              ||    23
 Cast: Magic Dart        ||    81
       Searing Ray       ||     2
Armor: Robe              ||     2
Dodge: Dodged            ||    17
